 Dungeon Crawl Stone Soup version 0.26-a0-652-gafc20e3620 (webtiles) character file.

Game seed: 8744214237241342785

4754 jasper the Martial Artist (level 10, 0/91 HPs)
             Began as a Gnoll Transmuter on Oct 4, 2020.
             Was an Initiate of Cheibriados.
             Slain by a wight
             ... wielding a +0 morningstar of draining
              (2 damage)
             ... on level 8 of the Dungeon.
             The game lasted 00:22:21 (11491 turns).

jasper the Martial Artist (Gnoll Transmuter)       Turns: 11491, Time: 00:22:23

Health: 0/91       AC:  7    Str: 13    XL:     10   Next: 46%
Magic:  16/21      EV: 13    Int: 20    God:    Cheibriados [......]
Gold:   83         SH:  0    Dex: 23    Spells: 3/23 levels left

rFire    x x .     SeeInvis .     - Unarmed
rCold    + + +     Faith    .   (shield currently unavailable)
rNeg     . . .     Spirit   .   (armour currently unavailable)
rPois    +         Reflect  .   (helmet currently unavailable)
rElec    .         Harm     .   (cloak currently unavailable)
rCorr    .         Rampage  .   (gloves currently unavailable)
MR       .....                  (boots currently unavailable)
Stlth    +++.......             (no amulet)
HPRegen  0.25/turn              q - ring of ice
MPRegen  0.17/turn              C - +6 ring of dexterity

@: ice-form, heavily drained, very slow
A: large, distributed training, strong nose
a: End Transformation, Bend Time, Renounce Religion


You were on level 8 of the Dungeon.
You worshipped Cheibriados.
Cheibriados was noncommittal.
You were a creature of crystalline ice.
You visited 2 branches of the dungeon, and saw 10 of its levels.

You collected 578 gold pieces.
You spent 495 gold pieces at shops.

Inventory:

Missiles
 b - 202 stones
 p - 13 boomerangs (quivered)
 A - 2 throwing nets
 B - 47 poisoned darts
Armour
 a - a +0 robe
 f - a +0 leather armour (melded)
 i - a +0 ring mail
 j - a +0 ring mail
 o - a +0 pair of gloves (melded)
 r - a +0 kite shield
Magical Staves
 v - an uncursed staff of conjuration
Jewellery
 q - a ring of ice (left front paw)
 C - a +6 ring of dexterity (right front paw)
Wands
 k - a wand of acid (7)
 x - a wand of flame (8)
Scrolls
 e - a scroll of fog
 l - 4 scrolls of enchant weapon
 m - 4 scrolls of amnesia
 n - a scroll of magic mapping
 s - 2 scrolls of teleportation
 t - a scroll of random uselessness
 u - 2 scrolls of enchant armour
 y - 2 scrolls of fear {unknown}
 z - a scroll of vulnerability {unknown}
 F - a scroll of remove curse
Potions
 c - a potion of curing
 d - a potion of stabbing
 g - a potion of invisibility {unknown}
 h - a potion of mutation {unknown}
 D - a potion of heal wounds
 E - a potion of haste
 G - 2 potions of degeneration {unknown}


   Skills:
 + Level 6.0(3.1) Fighting
 + Level 5.3(2.5) Short Blades
 + Level 5.3(2.5) Long Blades
 + Level 5.3(2.5) Axes
 + Level 5.3(2.5) Maces & Flails
 + Level 5.3(2.5) Polearms
 + Level 5.3(2.5) Staves
 + Level 5.3(2.5) Slings
 + Level 5.3(2.5) Bows
 + Level 5.3(2.5) Crossbows
 + Level 5.3(2.5) Throwing
 + Level 5.3(2.5) Armour
 + Level 7.1(4.1) Dodging
 + Level 5.3(2.5) Stealth
 + Level 5.3(2.5) Shields
 + Level 8.5(5.4) Unarmed Combat
 + Level 7.4(4.4) Spellcasting
 + Level 4.3(1.6) Conjurations
 + Level 4.3(1.6) Hexes
 + Level 4.3(1.6) Summonings
 + Level 4.3(1.6) Necromancy
 + Level 4.3(1.6) Translocations
 + Level 5.9(3.0) Transmutations
 + Level 4.3(1.6) Fire Magic
 + Level 4.3(1.6) Ice Magic
 + Level 4.3(1.6) Air Magic
 + Level 4.3(1.6) Earth Magic
 + Level 4.3(1.6) Poison Magic
 + Level 5.8(3.0) Invocations
 + Level 5.3(2.5) Evocations


You had 3 spell levels left.
You knew the following spells:

 Your Spells              Type           Power        Failure   Level
a - Beastly Appendage     Tmut           ###...       3%          1
b - Spider Form           Tmut/Pois      ##........   14%         3
c - Ice Form              Ice/Tmut       ###.....     43%         4
d - Blade Hands           Tmut           ###.......   69%         5
e - Apportation           Tloc           ##....       6%          1
f - Confusing Touch       Hex            ##......     19%         3
g - Mephitic Cloud        Conj/Pois/Air  ##......     19%         3

Your spell library contained the following spells:

 Spells                   Type           Power        Failure   Level
 Wereblood                Tmut           ###.....     5%          2
 Animate Skeleton         Necr           ##....       6%          1
 Corona                   Hex            ##.....      6%          1
 Summon Small Mammal      Summ           ##..         6%          1
 Ensorcelled Hibernation  Hex/Ice        ###...       10%         2
 Poisonous Vapours        Pois/Air       ##....       10%         2
 Conjure Flame            Conj/Fire      ##......     19%         3
 Dazzling Flash           Conj/Hex       ##....       19%         3
 Tukima's Dance           Hex            ##......     19%         3
 Freezing Cloud           Conj/Ice/Air   ###.......   100%        6


Dungeon Overview and Level Annotations

Branches:
Dungeon (9/15)             Temple (1/1) D:4
   Lair: D:8-11         Orc: D:9-12

Altars:
Ashenzari
Cheibriados
Dithmenos
Elyvilon
Gozag
Hepliaklqana
Makhleb
Nemelex Xobeh
Okawaru
Qazlal
Ru
Sif Muna
Trog
Uskayaw
Vehumet
Wu Jian
Xom
Yredelemnul
Zin
The Shining One

Shops:
D:8 :

Annotations:
D:8 exclusion: two-headed ogre


Innate Abilities, Weirdness & Mutations

Your experience applies equally to all skills.
((You have very sharp teeth.))
Your uncanny sense of smell can sniff out nearby items.


Message History

You feel drained.
The wight hits you with a cursed +4 war axe!
* * * LOW HITPOINT WARNING * * *
The leopard gecko closely misses you.
The wight hits you with a +0 morningstar of draining!
* * * LOW HITPOINT WARNING * * *
You feel drained. x2
* * * LOW HITPOINT WARNING * * *
There is a stone staircase leading up here.
The leopard gecko bites you but does no damage. x2
You climb upwards.
Level annotation: exclusion: two-headed ogre
There is a stone staircase leading down here.
You hit the leopard gecko. You freeze the leopard gecko.
You kill the leopard gecko!
Cheibriados thoroughly appreciates the change of pace.
The wight hits you with a +0 morningstar of draining!
* * * LOW HITPOINT WARNING * * *
You feel drained.
You die...

#........'.........'...........
#.#...####.........####...#..##
#....## ##.......## ##.....#
####.# ##.....## ###..## #.#
##...## #.## #.# ##'## #.# #.#
#.# #.# #.# #†# #.# #.#
######Y### #<# #.####....z...#
#.# #.............# #.#
######.###....# #.# #.#
#..#.#########.# #.#
#..............# #.#
##.#.########### #.# #.#.#
##########.####.#.#


You could see a wight.

Vanquished Creatures
  Erica (D:8)
  A two-headed ogre (D:8)
  A wyvern (D:9)
  A fire bat (D:5)
  3 orc warriors
  3 sky beasts (D:7)
  A black bear (D:8)
  A phantom (D:8)
  A necrophage (D:8)
  2 ogres
  6 centaurs
  3 bullfrogs
  A wyvern zombie (D:6)
  A gnoll sergeant (D:7)
  2 scorpions
  6 wights
  4 howler monkeys
  A bullfrog zombie (D:8)
  A jelly (D:5)
  3 orc wizards
  6 orc priests
  A hound (D:8)
  3 iguanas
  2 worker ants
  A hound zombie (D:5)
  A worker ant zombie (D:8)
  3 gnolls (D:7)
  14 adders
  4 shadow imps
  3 white imps
  An ufetubus (D:6)
  An ooze (D:3)
  2 worms
  2 dart slugs
  3 leopard geckos
  36 orcs
  5 giant cockroaches
  19 goblins
  12 hobgoblins
  3 jackals (D:4)
  7 kobolds
  4 quokkas
  6 bats
  4 frilled lizards
  A jackal skeleton (D:4)
  A jackal zombie (D:7)
  A quokka skeleton (D:5)
  9 rats
198 creatures vanquished.

Vanquished Creatures (others)
  11 fungi (D:9)
  12 plants (D:9)
23 creatures vanquished.

Grand Total: 221 creatures vanquished

Notes
Turn   | Place    | Note
-------+----------+-------------------------------------------
     0 | D:1      | jasper the Gnoll Transmuter began the quest for the Orb.
     0 | D:1      | Reached XP level 1. HP: 17/17 MP: 6/6
   106 | D:1      | Reached XP level 2. HP: 15/23 MP: 5/7
   815 | D:1      | Reached XP level 3. HP: 28/28 MP: 7/9
   897 | D:2      | Reached skill level 5 in Spellcasting
  1035 | D:2      | Learned a level 3 spell: Spider Form
  1276 | D:2      | Reached skill level 1 in Invocations
  1382 | D:2      | Reached skill level 1 in Short Blades
  1382 | D:2      | Reached skill level 1 in Long Blades
  1382 | D:2      | Reached skill level 1 in Axes
  1382 | D:2      | Reached skill level 1 in Maces & Flails
  1382 | D:2      | Reached skill level 1 in Polearms
  1382 | D:2      | Reached skill level 1 in Staves
  1382 | D:2      | Reached skill level 1 in Slings
  1382 | D:2      | Reached skill level 1 in Bows
  1382 | D:2      | Reached skill level 1 in Crossbows
  1382 | D:2      | Reached skill level 1 in Throwing
  1382 | D:2      | Reached skill level 1 in Armour
  1382 | D:2      | Reached skill level 1 in Stealth
  1382 | D:2      | Reached skill level 1 in Shields
  1382 | D:2      | Reached skill level 1 in Evocations
  1423 | D:2      | Reached XP level 4. HP: 34/34 MP: 7/11
  1459 | D:2      | Found a radiant altar of Vehumet.
  1480 | D:2      | Found an opulent altar of Gozag.
  2154 | D:3      | Reached skill level 1 in Conjurations
  2154 | D:3      | Reached skill level 1 in Hexes
  2154 | D:3      | Reached skill level 1 in Summonings
  2154 | D:3      | Reached skill level 1 in Necromancy
  2154 | D:3      | Reached skill level 1 in Translocations
  2154 | D:3      | Reached skill level 1 in Fire Magic
  2154 | D:3      | Reached skill level 1 in Ice Magic
  2154 | D:3      | Reached skill level 1 in Air Magic
  2154 | D:3      | Reached skill level 1 in Earth Magic
  2154 | D:3      | Reached skill level 1 in Poison Magic
  2542 | D:3      | Reached XP level 5. HP: 38/40 MP: 10/12
  2672 | D:3      | Learned a level 4 spell: Ice Form
  2678 | D:3      | Learned a level 5 spell: Blade Hands
  3177 | D:4      | Noticed an ogre
  3180 | D:4      | Killed an ogre
  3180 | D:4      | Reached XP level 6. HP: 47/47 MP: 14/14
  3182 | D:4      | Reached skill level 5 in Dodging
  3434 | D:5      | Entered Level 5 of the Dungeon
  4263 | D:6      | Reached XP level 7. HP: 49/52 MP: 9/15
  4356 | D:6      | Reached skill level 7 in Unarmed Combat
  4919 | D:5      | Noticed a fire bat
  4919 | D:5      | an orc warrior changed into a fire bat
  4928 | D:5      | Killed a fire bat
  5333 | D:6      | Found an iron altar of Okawaru.
  5398 | D:6      | Reached XP level 8. HP: 60/60 MP: 12/16
  7110 | D:7      | Reached skill level 5 in Transmutations
  7110 | D:7      | Reached XP level 9. HP: 19/66 MP: 16/18
  8101 | D:8      | Reached skill level 5 in Fighting
  8755 | D:8      | Found Ytinnide's Book Shoppe.
  8762 | D:8      | Bought a book of Clouds for 495 gold pieces
  8764 | D:8      | Learned a level 1 spell: Apportation
  8768 | D:8      | Learned a level 3 spell: Confusing Touch
  8772 | D:8      | Learned a level 3 spell: Mephitic Cloud
  8810 | D:8      | Reached skill level 8 in Unarmed Combat
  9113 | D:8      | Noticed a two-headed ogre
  9291 | D:9      | Reached skill level 5 in Invocations
  9634 | D:9      | Noticed a two-headed ogre
  9673 | D:8      | Killed a two-headed ogre
  9673 | D:8      | Reached skill level 5 in Short Blades
  9673 | D:8      | Reached skill level 5 in Long Blades
  9673 | D:8      | Reached skill level 5 in Axes
  9673 | D:8      | Reached skill level 5 in Maces & Flails
  9673 | D:8      | Reached skill level 5 in Polearms
  9673 | D:8      | Reached skill level 5 in Staves
  9673 | D:8      | Reached skill level 5 in Slings
  9673 | D:8      | Reached skill level 5 in Bows
  9673 | D:8      | Reached skill level 5 in Crossbows
  9673 | D:8      | Reached skill level 5 in Throwing
  9673 | D:8      | Reached skill level 5 in Armour
  9673 | D:8      | Reached skill level 5 in Stealth
  9673 | D:8      | Reached skill level 5 in Shields
  9673 | D:8      | Reached skill level 5 in Evocations
  9673 | D:8      | Reached XP level 10. HP: 35/75 MP: 20/20
 10151 | D:8      | Noticed Erica
 10163 | D:8      | Killed Erica
 10747 | D:4      | Found a staircase to the Ecumenical Temple.
 10768 | Temple   | Entered the Ecumenical Temple
 11002 | Temple   | Became a worshipper of Cheibriados the Contemplative
 11491 | D:8      | HP: 2/91 [wight/+0 morningstar of draining (12)]
 11491 | D:8      | Slain by a wight

Illustrated notes

Levels and vault maps discovered:
D:1:      dpeg_arrival_rooms_b, layout_basic, minmay_octomino_e4
D:2:      cheibrodos_greedy_goblins, layout_loops_ring, minitemple
D:3:      layout_basic, palyth_stone_intersect
D:4:      layout_rooms, minmay_temple_entry_proselytizer, grunt_decor_one_mirror
D:5:      layout_cave_pods
D:6:      layout_rooms, basic_altar, serial_corexii_hall,
          chequers_hall_statues_y, chequers_hall_statues_y
D:7:      layout_loops_ring
D:8:      layout_loops_corners, serial_shops, nicolae_shop_crystal,
          enter_bailey_2, uniq_erica
D:9:      layout_roguey, grunt_temple_overflow_growth_and_decay,
          grunt_lair_entry_orc_guard_hut, kennysheep_decorative_pillar
Temple:   dpeg_five_rooms_temple

Skill      XL: |  1  2  3  4  5  6  7  8  9 10 |
---------------+-------------------------------+-----
Spellcasting   | 5 6 7 |  7.4
Invocations    | 1 2 3 4 5 |  5.8
Short Blades   | 1 2 3 5 |  5.3
Long Blades    | 1 2 3 5 |  5.3
Axes           | 1 2 3 5 |  5.3
Maces & Flails | 1 2 3 5 |  5.3
Polearms       | 1 2 3 5 |  5.3
Staves         | 1 2 3 5 |  5.3
Slings         | 1 2 3 5 |  5.3
Bows           | 1 2 3 5 |  5.3
Crossbows      | 1 2 3 5 |  5.3
Throwing       | 1 2 3 5 |  5.3
Armour         | 1 2 3 5 |  5.3
Stealth        | 1 2 3 5 |  5.3
Shields        | 1 2 3 5 |  5.3
Evocations     | 1 2 3 5 |  5.3
Conjurations   | 1 2 3 4 |  4.3
Hexes          | 1 2 3 4 |  4.3
Summonings     | 1 2 3 4 |  4.3
Necromancy     | 1 2 3 4 |  4.3
Translocations | 1 2 3 4 |  4.3
Fire Magic     | 1 2 3 4 |  4.3
Ice Magic      | 1 2 3 4 |  4.3
Air Magic      | 1 2 3 4 |  4.3
Earth Magic    | 1 2 3 4 |  4.3
Poison Magic   | 1 2 3 4 |  4.3
Fighting       | 3 4 5 6 |  6.0
Transmutations | 4 5 |  5.9
Dodging        | 5 6 7 |  7.1
Unarmed Combat | 7 8 |  8.5

Action                   |  1- 3 |  4- 6 |  7- 9 | 10-12 || total
-------------------------+-------+-------+-------+-------++-------
Melee: Unarmed           |    80 |   155 |   400 |    83 ||   718
       Headbutt          |     6 |     5 |       |       ||    11
       Kick              |     5 |    11 |       |       ||    16
       Bite              |     3 |     7 |    15 |    12 ||    37
       Punch             |     1 |     3 |     7 |     5 ||    16
Throw: Stone             |    62 |    64 |     2 |       ||   128
       Boomerang         |       |       |    79 |       ||    79
 Cast: Beastly Appendage |    14 |    11 |       |       ||    25
       Spider Form       |     3 |     5 |    21 |     1 ||    30
       Ice Form          |       |     1 |     5 |     1 ||     7
       Blade Hands       |       |       |       |     2 ||     2
Evoke: Wand              |       |       |     8 |     6 ||    14
  Use: Scroll            |       |     7 |     7 |     2 ||    16
       Potion            |       |       |     3 |     1 ||     4
 Stab: Sleeping          |     1 |     3 |     2 |     2 ||     8
       Distracted        |     1 |       |       |       ||     1
Armor: Robe              |     4 |       |       |       ||     4
       Leather armour    |     1 |    18 |    22 |     4 ||    45
       Skin              |       |       |    19 |     3 ||    22
Dodge: Dodged            |    39 |    93 |   325 |    67 ||   524

Table legend: (Time is in decaauts)
 A = Elapsed time spent in this place.
 B = Non-inter-level travel time spent in this place.
 C = Inter-level travel time spent in this place.
 D = Time resting spent in this place.
 E = Time spent auto-exploring this place.
 F = Levels seen in this place.
 G = Mean time per level.
                   A        B        C        D        E       F      G
               +--------+--------+--------+--------+--------+-----+--------+
         Total |  11485 |  11025 |    460 |   1097 |   7892 |  10 | 1148.5 |
       Dungeon |  11207 |  10822 |    385 |   1097 |   7691 |   9 | 1245.2 |
        Temple |    278 |    204 |     74 |      0 |    201 |   1 |  278.0 |
               +--------+--------+--------+--------+--------+-----+--------+

Top non-repeatable levels by time:
     D:8: 2681 daAuts
     D:7: 1632 daAuts
     D:6: 1590 daAuts
     D:2: 1247 daAuts
     D:5: 1135 daAuts
     D:3: 983 daAuts
     D:1: 885 daAuts
     D:4: 839 daAuts
  Temple: 278 daAuts
     D:9: 211 daAuts
